 Seeded DCSS version 0.30.0-13-g156ef70053 (webtiles) character file.

Game seed: 9209234192005137530 (custom seed)

263 GigaChad the Shield-Bearer (level 6, 0/51 HPs)
             Began as a Formicid Fighter on May 17, 2023.
             Was an Initiate of the Shining One.
             Slain by a scorpion (2 damage)
             ... on level 4 of the Dungeon.
             The game lasted 00:06:00 (3159 turns).

GigaChad the Shield-Bearer (Formicid Fighter)       Turns: 3159, Time: 00:06:00

Health: 0/51       AC: 11    Str: 22    XL:     6   Next: 43%
Magic:  6/6        EV:  6    Int:  8    God:    the Shining One [......]
Gold:   187        SH:  6    Dex: 13    Spells: 5/5 levels left

rFire   . . .        (no weapon)
rCold   . . .        c - +0 buckler
rNeg    . . .        e - +0 plate armour
rPois   .            (helmet unavailable)
rElec   .            (no cloak)
rCorr   .            (no gloves)
SInv    +            (no boots)
Will    .....        (no amulet) Stlth
                     (no ring)
HPRegen 0.28/turn    (no ring)
MPRegen 0.10/turn

%: no passive effects
@: lethally poisoned (0 -> -2), glowing, studying Shields
A: permanent stasis, dig shafts and tunnels, antennae 3, four strong arms
a: Dig, Shaft Self, Renounce Religion


You were on level 4 of the Dungeon.
You worshipped the Shining One.
The Shining One was noncommittal.
You visited 1 branch of the dungeon, and saw 4 of its levels.

You collected 187 gold pieces.

Inventory:

Missiles
 o - a throwing net
Armour
 b - a +0 scale mail
 c - a +0 buckler (worn)
 e - a +0 plate armour (worn)
 r - the +1 ring mail "Uxubb" {+Inv rF+ rN+++ Will-}
   (You found it on level 3 of the Dungeon)

   rF:        It protects you from fire.
   rN:        It renders you almost immune to negative energy.
   +Inv:      It lets you turn invisible.
   Will:      It decreases your willpower.
Jewellery
 q - a ring of protection from cold
 s - a +6 ring of dexterity
 t - an amulet of magic regeneration
Wands
 v - a wand of iceblast (7)
Scrolls
 f - 2 scrolls of identify
 g - 2 scrolls of fog
 u - a scroll of blinking {unknown}
 x - a scroll of torment {unknown}
Potions
 d - 2 potions of might
 h - a potion of lignification {unknown}
 i - 3 potions of brilliance {unknown}
 k - 2 potions of degeneration {unknown}
 l - 3 potions of curing {unknown}
 m - a potion of invisibility {unknown}
 n - a potion of cancellation {unknown}
 p - 2 potions of flight {unknown}
 w - a potion of haste {unknown}


   Skills:
 * Level 5.6 Fighting
 - Level 2.8 Axes
 - Level 3.8 Armour
 * Level 7.2 Shields


You had 5 spell levels left.
You didn't know any spells.
Your spell library was empty.

Dungeon Overview and Level Annotations

Branches:
Dungeon (4/15)
 Temple: D:4-7

Altars:
Fedhas
Makhleb
Yredelemnul
The Shining One

Annotations:
D:3 2 transporters


Innate Abilities, Weirdness & Mutations

You cannot be hasted, slowed, berserked, paralysed or teleported.
You can dig through walls and to a lower floor.
You have a pair of large antennae on your head. (SInv)
Your four strong arms can wield two-handed weapons with a shield.


Message History

The scorpion poisons you!
Unknown command.
You barely miss the scorpion.
The scorpion is lightly wounded.
You feel very sick. The scorpion barely misses you.
Unknown command.
You hit the scorpion but do no damage.
The scorpion is lightly wounded.
You feel very sick.
The scorpion stings you but does no damage. x2
Unknown command.
You barely miss the scorpion.
The scorpion is lightly wounded.
You feel very sick. You block the scorpion's attack.
Unknown command.
You barely miss the scorpion.
The scorpion is lightly wounded.
You feel sick. The scorpion barely misses you.
Unknown command.
You hit the scorpion but do no damage.
The scorpion is lightly wounded.
You feel sick. You block the scorpion's attack.
The scorpion stings you but does no damage.
Unknown command.
You barely miss the scorpion.
The scorpion is lightly wounded.
You feel sick. The scorpion stings you.
* * * LOW HITPOINT WARNING * * *
Unknown command.
You hit the scorpion but do no damage.
The scorpion is lightly wounded.
* * * LOW HITPOINT WARNING * * *
You feel sick. You block the scorpion's attack.
Unknown command.
You barely miss the scorpion.
* * * LOW HITPOINT WARNING * * *
You feel sick. The scorpion stings you.
You die...

..#...#...#
#......#
#...###....
.##...##..#
#......# #...#
#....
.#.._..#..#
#......# #...#
#....
.#.....#..#
#......# #####
#....
.........##
#......# #....
##.....###
#......#######
#.... #######
#......'.?...#
#....
#......#####.#
#.... #...@..#
##### #...s..#
#......#
#......#
#......#
#......#
########


You could see a scorpion.

Vanquished Creatures
  An ogre (D:4)
  An iguana (D:4)
  5 adders
  A worm (D:4)
  8 dart slugs
  5 orcs
  7 ball pythons
  8 endoplasms
  8 giant cockroaches
  10 hobgoblins
  7 jackals
  3 quokkas
  3 bats
  5 frilled lizards
  5 goblins
  4 kobolds
  5 rats
86 creatures vanquished.

Notes
Turn   | Place    | Note
-------+----------+-------------------------------------------
     0 | D:1      | GigaChad the Formicid Fighter began the quest for the Orb.
     0 | D:1      | Reached XP level 1. HP: 18/18 MP: 1/1
   179 | D:1      | Reached XP level 2. HP: 24/24 MP: 2/2
   316 | D:1      | Reached XP level 3. HP: 29/30 MP: 3/3
   669 | D:1      | Identified a scroll of acquirement
   669 | D:1      | Acquired a manual of Shields
   997 | D:2      | Reached XP level 4. HP: 37/37 MP: 4/4
  1266 | D:2      | Reached skill level 5 in Shields
  1455 | D:2      | Identified the +0 leather armour of the Trilobite {rPois
                  | Slay+3}
  1488 | D:3      | Found a transporter.
  1565 | D:3      | Found a transporter.
  1758 | D:3      | Reached XP level 5. HP: 43/43 MP: 5/5
  1803 | D:3      | Identified the +1 ring mail "Uxubb" {+Inv rF+ rN+++ Will-}
  2070 | D:3      | Found a basalt altar of Yredelemnul.
  2070 | D:3      | Found a blossoming altar of Fedhas.
  2221 | D:4      | Identified the +1 robe "Qur Catt" {Will+}
  2352 | D:4      | Reached skill level 6 in Shields
  2549 | D:4      | Reached skill level 5 in Fighting
  2747 | D:4      | Noticed an ogre
  2748 | D:4      | Found a burning altar of Makhleb.
  2754 | D:4      | Killed an ogre
  2755 | D:4      | Reached skill level 7 in Shields
  2755 | D:4      | Reached XP level 6. HP: 14/51 MP: 6/6
  2915 | D:4      | Found a glowing golden altar of the Shining One.
  3059 | D:4      | Became a worshipper of the Shining One
  3159 | D:4      | HP: 2/51 [poisoned by a scorpion]
  3159 | D:4      | Slain by a scorpion

Illustrated notes

Levels and vault maps discovered:
D:1:      dpeg_chamrin_arrival_tetris, layout_basic
D:2:      layout_basic, minmay_misc_feat_more_columns
D:3:      gammafunk_steamed_eel, layout_loops_ring,
          gammafunk_temple_overflow_statue, minmay_vboxes
D:4:      layout_basic, mainiacjoe_overflow_two_lobes, grunt_ministairs_7,
          minmay_misc_feat_iff

Skill      XL: |  1  2  3  4  5 |
---------------+----------------+-----
Fighting       | 4 5 |  5.6
Shields        | 5 7 |  7.2
Axes           | |  2.8
Armour         | |  3.8

Action                     |  1- 3 |  4- 6 || total
---------------------------+-------+-------++-------
  Melee: War axe           |    89 |   147 ||   236
         Unarmed           |       |    25 ||    25
    Use: Scroll            |     3 |     5 ||     8
 Armour: Plate armour      |    62 |    97 ||   159
         Scale mail        |     3 |       ||     3
  Dodge: Dodged            |    28 |    55 ||    83
  Block: Buckler           |    22 |    43 ||    65
